 Dungeon Crawl Stone Soup version 0.26.1 (webtiles) character file.

Game seed: 4676821155497223355

485283 Gadfly the Executioner (level 23, -10/188 HPs)
             Began as a Demonspawn Monk on Feb 6, 2021.
             Was the Champion of Qazlal.
             Killed from afar by a lich (43 damage)
             ... with a crystal spear
             ... while paralysed by accursed screaming
             ... on level 4 of the Abyss.
             The game lasted 02:19:57 (69183 turns).

Gadfly the Executioner (Demonspawn Monk)           Turns: 69183, Time: 02:19:58

Health: -10/188    AC: 31    Str: 21    XL:     23   Next: 78%
Magic:  0/41       EV:  2    Int: 11    God:    Qazlal [******]
Gold:   3378       SH:  0    Dex: 17    Spells: 18/22 levels left

rFire    + + .     SeeInvis .   b - +5 executioner's axe (drain)
rCold    + + +     Faith    .   (shield currently unavailable)
rNeg     + . .     Spirit   +   E - +0 gold dragon scales
rPois    +         Reflect  +   (helmet unavailable)
rElec    .         Harm     .   t - +2 cloak {rCorr}
rCorr    +         Rampage  .   U - +2 pair of gloves {archery}
Will     +....                  c - +2 pair of boots
Stlth    ..........             S - amulet "Dolyixzu" {Reflect rC++ MP+9 SH+5}
HPRegen  0.41/turn              Q - +4 ring of slaying
MPRegen  0.27/turn              g - +4 ring of slaying

@: paralysed, lethally poisoned (-10 -> -16), about to teleport, protected from
physical damage, corroded, repel missiles
A: horns 3, repulsion field 2, blurry vision 1, demonic guardian 3,
[deterioration 2], fire resistance 1, low mp 1, negative energy resistance 1,
50% torment resistance, magic shield, no potion heal 1, black mark
}: 2/15 runes: decaying, serpentine
a: Renounce Religion, Upheaval, Elemental Force, Disaster Area


You were on level 4 of the Abyss.
You worshipped Qazlal.
Qazlal was exalted by your worship.
You visited 8 branches of the dungeon, and saw 41 of its levels.
You visited the Abyss 2 times.
You also visited: Gauntlet.

You collected 5875 gold pieces.
You spent 2497 gold pieces at shops.

Inventory:

Hand Weapons
 a - a +5 battleaxe of freezing
 b - a +5 executioner's axe of draining (weapon)
 w - a +3 battleaxe of flaming
 G - the +4 battleaxe "Fyosil" {vorpal, rN+}
   (You bought it in a shop on level 2 of the Orcish Mines)

   It inflicts extra damage upon your enemies.
   It protects you from negative energy.
Armour
 c - a +2 pair of boots (worn)
 t - a +2 cloak of preservation (worn)
 E - +0 gold dragon scales (worn)
 U - a +2 pair of gloves of archery (worn)
Jewellery
 g - a +4 ring of slaying (right hand)
 i - an uncursed ring of fire
 C - an uncursed ring of see invisible
 I - an uncursed ring of positive energy
 O - an uncursed ring of protection from fire
 Q - a +4 ring of slaying (left hand)
 R - the amulet of the Air {Inacc +Fly rElec EV+5 RMsl}
   (You found it on level 10 of the Dungeon)

   [amulet of inaccuracy]

   It reduces the accuracy of all your attacks.
   It affects your evasion (+5).
   It insulates you from electricity.
   It lets you fly.
   It protects you from missiles.
 S - the amulet "Dolyixzu" (around neck) {Reflect rC++ MP+9 SH+5}
   (You found it in a Gauntlet)

   [amulet of reflection]

   It shields you and reflects attacks.
   It greatly protects you from cold.
   It affects your magic capacity (+9).
   It affects your SH (+5).
 X - an uncursed ring of protection from cold
 Y - the ring of the Hare {EV+8}
   (You found it on level 3 of the Swamp)

   [ring of evasion]

   It affects your evasion (+8).
Wands
 k - a wand of digging (16)
 r - a wand of paralysis (22)
 x - a wand of acid (21)
 y - a wand of disintegration (31) (quivered)
 J - a wand of enslavement (29)
 L - a wand of polymorph (37)
 V - a wand of iceblast (24)
Scrolls
 j - 14 scrolls of remove curse
 m - 3 scrolls of enchant armour
 o - 6 scrolls of magic mapping
 u - 11 scrolls of fog
 v - 3 scrolls of enchant weapon
 z - 12 scrolls of identify
 A - 13 scrolls of fear
 B - a scroll of summoning
 D - 2 scrolls of silence
 K - 17 scrolls of teleportation
 N - a scroll of brand weapon
 P - 3 scrolls of blinking
Potions
 d - 18 potions of curing
 e - 7 potions of heal wounds
 l - 3 potions of cancellation
 n - 5 potions of attraction
 p - 9 potions of might
 q - 5 potions of haste
 s - 4 potions of resistance
 F - a potion of berserk rage
 M - 2 potions of ambrosia
Miscellaneous
 f - a box of beasts
 h - a condenser vane
 H - a tin of tremorstones (2/2)
 T - a lightning rod (4/4)
 W - a phial of floods


   Skills:
 + Level 17.4 Fighting
 * Level 21.4 Axes
 * Level 17.3 Armour
 - Level 2.6 Dodging
 - Level 1.7 Stealth
 + Level 18.6 Invocations
 + Level 17.6 Evocations


You had 18 spell levels left.
You knew the following spells:

 Your Spells              Type           Power        Failure   Level
a - Swiftness             Air            0%           100%        2
b - Blink                 Tloc           N/A          100%        2

Your spell library contained the following spells:

 Spells                   Type           Power        Failure   Level
 Corona                   Hex            0%           100%        1
 Magic Dart               Conj           0%           100%        1
 Sandblast                Erth           0%           100%        1
 Shock                    Conj/Air       0%           100%        1
 Call Imp                 Summ           0%           100%        2
 Ensorcelled Hibernation  Hex/Ice        0%           100%        2
 Passwall                 Tmut/Erth      0%           100%        2
 Slow                     Hex            0%           100%        2
 Confusing Touch          Hex            0%           100%        3
 Conjure Flame            Conj/Fire      0%           100%        3
 Dazzling Flash           Conj/Hex       0%           100%        3
 Gell's Gravitas          Tloc           0%           100%        3
 Ignite Poison            Fire/Tmut/Pois 0%           100%        3
 Mephitic Cloud           Conj/Pois/Air  0%           100%        3
 Spider Form              Tmut/Pois      0%           100%        3
 Static Discharge         Conj/Air       0%           100%        3
 Stone Arrow              Conj/Erth      0%           100%        3
 Tukima's Dance           Hex            0%           100%        3
 Airstrike                Air            0%           100%        4
 Leda's Liquefaction      Hex/Erth       0%           100%        4
 Petrify                  Tmut/Erth      0%           100%        4
 Alistair's Intoxication  Tmut/Pois      0%           100%        5
 Bolt of Magma            Conj/Fire/Erth 0%           100%        5
 Borgnjor's Vile Clutch   Necr/Erth      0%           100%        5
 Lee's Rapid Deconstruct  Erth           0%           100%        5
 Lightning Bolt           Conj/Air       0%           100%        5
 Metabolic Englaciation   Hex/Ice        0%           100%        5
 Silence                  Hex/Air        0%           100%        5
 Yara's Violent Unravell  Hex/Tmut       0%           100%        5
 Iron Shot                Conj/Erth      0%           100%        6
 Shadow Creatures         Summ           N/A          100%        6
 Statue Form              Tmut/Erth      0%           100%        6
 Shatter                  Erth           0%           100%        9


Dungeon Overview and Level Annotations

Branches:
Dungeon (15/15)            Temple (0/1) D:7            Lair (6/6) D:9
  Swamp (4/4) Lair:2        Snake (4/4) Lair:3        Slime (0/5) Lair:6
    Orc (2/2) D:12            Elf (0/3) Orc:2        Vaults (5/5) D:13
  Crypt (1/3) Vaults:3     Depths (4/5) D:15        Gauntlet (visited)

Altars:
Gozag
Makhleb
Nemelex Xobeh
Qazlal
Ru
Trog
Wu Jian
Zin
Beogh
Jiyva

Shops:
D:8 }*?*?   Orc:2 ?*[(   Snake:1 (!   Snake:3 (}   Vaults:1 =   Vaults:3 (
Vaults:4 =   Depths:1 :

Portals:
Hell: Depths:1 Depths:2 Depths:3 Depths:4
Abyss: Swamp:1
Pandemonium: Depths:3


Innate Abilities, Weirdness & Mutations

You have a pair of large horns on your head.
You are surrounded by a moderate repulsion field. (EV +3)
A powerful demonic guardian rushes to your aid.
You resist negative energy. (rN+)
You are somewhat able to resist unholy torments (1 in 2 success).
When hurt, damage is shared between your health and your magic reserves.
Your melee attacks may debilitate your foes.
Scrolls take you a little longer to read.
Your flesh is heat resistant. (rF+)
Your magical capacity is low. (-10% MP)
Potions are less effective at restoring your health.
[Your body often deteriorates upon taking damage.]


Message History

The yak is engulfed in freezing vapours.
The deep elf mage is engulfed in blazing flames.
The deep elf mage hits you but does no damage.
The red devil hits you but does no damage.
The lich touches you but does no damage.
The yak is engulfed in freezing vapours.
The deep elf mage is engulfed in blazing flames.
The deep elf mage mumbles some strange words.
The deep elf mage blinks!
The red devil hits you but does no damage.
You are more poisoned.
A deafening chorus of shrieks assaults your mind!
* * * LOW HITPOINT WARNING * * *
The red devil hits you from afar with a +0 trident.
* * * LOW HITPOINT WARNING * * *
You feel more protected from physical attacks.
The lich points at you and mumbles some strange words.
The crystal spear hits you!!!
You feel more protected from physical attacks.
You die...

...... ..... . ....
.. ... .. ... .#
#.#... .....##
....#.##. ☼#..... .
.....##....#.. . #.
...#@○°...# # # #
#.. X##L#4#....
#...##....#YX4.# +#
.....#. .4XX2X.#.##
.........4XXX.....#
.....#...≈≈X≈......#
# ....#...≈..e......
#
#...∩.).≈≈≈≈.......
. #''# ..X......
......


You could see 7 starcursed masses, a lich (fast), a balrug, a large abomination,
a deep elf mage (drained), a yak, a chaos spawn and 2 red devils.

Vanquished Creatures
  An ancient lich (Depths:3)
  the Lernaean hydra (Swamp:4)
  A golden dragon (Depths:1)
  Nikola (Swamp:1)
  2 bone dragons (Abyss:3)
  An Ice Fiend (Vaults:1)
  2 liches
  A titan (Depths:2)
  A quicksilver dragon (Depths:4)
  6 sphinxes
  An Executioner (Abyss:4)
  2 tentacled starspawn (Abyss:3)
  2 storm dragons
  A daeva (Swamp:1)
  Donald (Vaults:3)
  Kirke (Snake:3)
  Agnes (D:15)
  A tengu reaver (Vaults:3)
  An azure jelly (shapeshifter) (Depths:3)
  5 fire giants
  14 nagarajas
  8 frost giants
  A deep elf sorcerer (Depths:1)
  A cacodemon (Swamp:1)
  A balrug (Depths:1)
  Aizul (Snake:3)
  8 vault wardens
  7 ironheart preservers
  3 spriggan defenders
  11 stone giants
  A vampire knight (Depths:1)
  29 very ugly things
  A deep elf annihilator (Depths:4)
  Nessos (D:13)
  2 spark wasps (Depths:4)
  A minotaur (Gauntlet)
  Azrael (Snake:3)
  4 entropy weavers
  3 bunyips
  10 ettins
  A green death (Abyss:4)
  Josephine (D:10)
  4 eleionomae
  6 mummy priests (Depths:3)
  6 great orbs of eyes
  2 jiangshi (Abyss:3)
  7 fire dragons
  14 yaktaur captains
  11 ice dragons
  24 vault guards
  19 hydras
  22 naga warriors
  2 rakshasas
  5 ghost crabs
  2 spriggan air magi (Depths:3)
  A catoblepas (Lair:6)
  12 centaur warriors
  30 two-headed ogres
  8 boulder beetles
  13 anacondas
  13 ogre magi
  3 deep troll shamans
  3 death yaks
  A titan zombie (Depths:2)
  7 alligators
  Urug (D:12)
  5 vampire magi
  19 naga sharpshooters
  8 shock serpents
  3 thrashing horrors
  4 spriggan berserkers
  4 deep troll earth magi
  A sun demon (Abyss:4)
  2 deep elf knights (Vaults:1)
  4 fire crabs (D:10)
  2 spriggans (Swamp:1)
  A wretched star (Abyss:3)
  4 skeletal warriors (D:12)
  Nergalle (D:10)
  A shadow wraith (Vaults:2)
  10 salamander mystics
  A sixfirhy (Abyss:3)
  5 goliath frogs
  11 deep trolls
  6 unseen horrors
  An iron troll (Depths:2)
  4 spriggan druids
  4 glowing orange brains
  6 wizards
  A flayed ghost (Vaults:1)
  A shadow dragon zombie (Depths:3)
  8 naga ritualists
  10 ironbrand convokers
  6 swamp dragons
  A swamp dragon (shapeshifter) (Depths:2)
  An orange crystal statue (Vaults:4)
  12 deep elf magi
  10 bog bodies
  A glowing orange brain (shapeshifter) (Vaults:3)
  2 deep elf archers
  A phantasmal warrior (Vaults:3)
  A golden dragon skeleton (Depths:3)
  3 lindwurms
  15 orc knights
  10 mana vipers
  7 necromancers
  2 tengu skeletons
  A wolf spider (Vaults:2)
  An orb spider (shapeshifter) (Depths:1)
  25 ugly things
  2 manticores
  2 orc sorcerers
  2 sphinx skeletons
  3 will-o-the-wisps
  A fire giant zombie (Vaults:3)
  An iron dragon skeleton (Depths:3)
  A frost giant zombie (Depths:2)
  11 elephants
  A frost giant skeleton (Vaults:3)
  9 cyclopes
  16 salamanders
  A worldbinder (Abyss:4)
  A black mamba (shapeshifter) (Vaults:1)
  54 black mambas
  2 molten gargoyles (Lair:6)
  12 guardian serpents
  A torpor snail (Lair:6)
  10 vault sentinels
  3 apocalypse crabs
  14 naga magi
  A stone giant skeleton (Vaults:2)
  3 smoke demons
  13 cane toads
  An elf skeleton (Depths:2)
  22 yaktaurs
  An orc skeleton (Vaults:3)
  A demonic crawler (Abyss:3)
  A yaktaur skeleton (Vaults:1)
  5 rime drakes
  An efreet (D:15)
  3 ancient zymes (Abyss:3)
  8 komodo dragons
  3 guardian mummies (Depths:3)
  A freezing wraith (Vaults:4)
  2 tengu conjurers
  2 red devils
  5 hellwings
  6 trolls
  3 blink frogs (Lair:2)
  2 large abominations (Abyss:3)
  10 hornets
  A bloated husk (Swamp:2)
  2 polar bears
  10 tyrant leeches
  Grinder (D:5)
  2 raiju (Abyss:3)
  A tengu simulacrum (Vaults:2)
  A hornet (shapeshifter) (Vaults:4)
  8 slime creatures
  A tarantella (shapeshifter) (Vaults:2)
  A spriggan (shapeshifter) (Depths:3)
  A water elemental (Depths:3)
  A shadow (D:15)
  2 hogs (Snake:3)
  3 vampires
  8 wyverns
  2 ynoxinuls (Abyss:3)
  32 yaks
  2 fire elementals
  A hog (shapeshifter) (Vaults:2)
  18 humans
  2 steam dragons (Lair:6)
  5 wraiths
  A fire bat (Abyss:4)
  2 basilisks
  Grum (D:10)
  6 wargs
  14 vampire mosquitoes
  8 chaos spawn
  67 nagas
  18 swamp worms
  An acid dragon (shapeshifter) (Vaults:1)
  11 hell hounds
  7 water moccasins
  A floating eye (Depths:4)
  6 swamp drakes
  2 ice beasts
  37 orc warriors
  6 sky beasts
  4 black bears
  A necrophage (D:10)
  An elf zombie (Vaults:3)
  2 phantoms (D:9)
  27 ogres
  2 eyes of draining
  An eye of draining (shapeshifter) (Vaults:4)
  4 boggarts
  8 wolves
  3 human skeletons
  24 centaurs
  3 big kobolds
  4 human zombies
  12 bullfrogs
  An ogre simulacrum (Vaults:1)
  A wyvern skeleton (D:14)
  5 scorpions
  2 killer bees (D:10)
  A water moccasin skeleton (D:11)
  18 wights
  4 electric eels
  3 howler monkeys (D:9)
  5 lava snakes (Lair:6)
  2 crimson imps
  2 bullfrog zombies
  6 centaur zombies
  3 human simulacra
  4 quasits
  8 small abominations
  A starcursed mass (Abyss:4)
  7 hounds
  21 orc wizards
  Crazy Yiuf (D:7)
  3 centaur skeletons
  28 orc priests
  5 jellies
  An iron imp (Depths:2)
  A bullfrog skeleton (D:5)
  Natasha (twice) (D:2)
  2 iguanas
  4 hell rats (Lair:4)
  9 worker ants
  Terence (D:3)
  A killer bee zombie (D:7)
  2 hound zombies
  A hound skeleton (D:9)
  2 mummies (Depths:3)
  Robin (D:4)
  15 adders
  4 gnolls (D:4)
  A shadow imp (D:10)
  A white imp (D:5)
  2 ufetubi
  An ooze (D:4)
  An adder skeleton (D:4)
  5 worms
  4 dart slugs
  7 leopard geckos
  97 orcs
  3 giant cockroaches
  19 goblins
  10 hobgoblins
  9 jackals
  7 quokkas
  A ball python (D:2)
  5 bats
  4 frilled lizards
  21 kobolds
  7 rats
  A briar patch (Swamp:3)
  3 crawling corpses
  A starspawn tentacle (Abyss:3)
1602 creatures vanquished.

Vanquished Creatures (collateral kills)
  Saint Roka (Orc:2)
  Vashnia (Snake:3)
  A golden dragon (Depths:3)
  2 tentacled monstrosities
  Jorgrun (D:15)
  A thorn hunter (Swamp:3)
  2 nagarajas (Snake:4)
  A fire giant (Vaults:4)
  A stone giant (Depths:3)
  4 very ugly things
  2 bunyips
  A deep elf annihilator (Vaults:2)
  The ghost of drevil the Fighter, a journeyman MiBe of Trog (Swamp:1)
  A deep elf death mage (Vaults:2)
  4 fire dragons
  A deep elf high priest (Depths:4)
  A great orb of eyes (Depths:3)
  7 naga warriors
  An ogre mage (Abyss:4)
  3 hydras
  A catoblepas (D:15)
  A rakshasa (Depths:3)
  2 boulder beetles
  3 ice dragons
  A two-headed ogre (Depths:2)
  A satyr (Abyss:3)
  A ghost crab (Swamp:2)
  2 alligators
  A naga sharpshooter (Snake:1)
  A deep troll earth mage (Depths:3)
  A fire crab (Lair:6)
  A skeletal warrior (D:12)
  A salamander mystic (Snake:4)
  A goliath frog (Swamp:1)
  An unseen horror (D:11)
  A naga ritualist (Snake:4)
  A deep elf archer (Depths:4)
  A deep troll (Depths:2)
  4 bog bodies
  A lindwurm (Lair:6)
  3 swamp dragons
  A deep elf mage (Vaults:1)
  3 ugly things (D:15)
  A phantasmal warrior (Vaults:1)
  A will-o-the-wisp (Swamp:1)
  2 salamanders
  2 cyclopes
  A frost giant skeleton (Vaults:2)
  6 black mambas
  Psyche (D:12)
  3 guardian serpents
  A vault sentinel (Vaults:1)
  A cane toad (Lair:6)
  4 naga magi
  A centaur skeleton (D:15)
  A komodo dragon (Lair:1)
  A hellion (Vaults:1)
  2 hellwings (Depths:3)
  An efreet (D:15)
  A red devil (Depths:3)
  3 tyrant leeches
  A large abomination (Abyss:3)
  2 trolls (D:15)
  2 hornets
  A blink frog (Lair:2)
  A vampire (Vaults:3)
  3 spriggans
  2 basilisks
  A wyvern (Lair:6)
  A fire elemental (Snake:3)
  3 yaks (Lair:6)
  A fire bat (Abyss:4)
  2 vampire mosquitoes (D:15)
  15 nagas
  A swamp worm (Swamp:1)
  A hell hound (Snake:3)
  4 orc warriors
  A swamp drake (Swamp:4)
  An ice beast (D:7)
  2 eyes of draining
  A phantom (D:8)
  2 bullfrogs
  An orc simulacrum (Vaults:1)
  A killer bee (D:10)
  A wight (D:9)
  4 orc priests
  A starcursed mass (Abyss:4)
  An iron imp (Abyss:3)
  A jelly (D:9)
  A bullfrog skeleton (D:11)
  Natasha (D:2)
  A hell rat (Lair:4)
  A worker ant (D:4)
  A leopard gecko (D:8)
  8 orcs
  A kobold (D:7)
  A starspawn tentacle (Abyss:3)
177 creatures vanquished.

Vanquished Creatures (others)
  A vampire knight (Depths:3)
  An entropy weaver (D:10)
  A rakshasa (Depths:4)
  A naga warrior (Snake:2)
  A swamp dragon (Swamp:4)
  3 bloated husks
  A tyrant leech (Swamp:3)
  A fire bat (Abyss:4)
  A naga (Snake:2)
  A swamp drake (Swamp:4)
  A sky beast (D:9)
  A centaur (Vaults:3)
  A boggart (Depths:2)
  2 briar patches (Swamp:3)
  A bush (Lair:6)
  24 foxfires
  36 fungi
  66 plants
  3 starspawn tentacles (Abyss:3)
  22 withered plants (Gauntlet)
169 creatures vanquished.

Grand Total: 1948 creatures vanquished

Notes
Turn   | Place    | Note
-------+----------+-------------------------------------------
     0 | D:1      | Gadfly the Demonspawn Monk began the quest for the Orb.
     0 | D:1      | Reached XP level 1. HP: 18/18 MP: 1/1
   306 | D:1      | Reached skill level 1 in Invocations
   308 | D:1      | Gained mutation: A weak demonic guardian rushes to your
                  | aid. [demonic ancestry]
   308 | D:1      | Reached XP level 2. HP: 15/24 MP: 2/2
   575 | D:1      | Reached skill level 1 in Evocations
   615 | D:1      | Reached skill level 1 in Armour
   864 | D:1      | Reached XP level 3. HP: 29/29 MP: 4/4
  1455 | D:2      | Noticed Natasha
  1464 | D:2      | Killed Natasha
  1825 | D:2      | Reached skill level 3 in Axes
  1825 | D:2      | Reached XP level 4. HP: 29/35 MP: 5/5
  2489 | D:2      | Noticed Natasha
  2496 | D:2      | Killed Natasha
  2768 | D:2      | Gained mutation: You are frail. (-10% HP) [potion of
                  | mutation]
  2768 | D:2      | Gained mutation: You have sharp toenails. [potion of
                  | mutation]
  2768 | D:2      | Gained mutation: You occasionally shout uncontrollably at
                  | your foes. [potion of mutation]
  2768 | D:2      | Gained mutation: You have supernaturally acute eyesight.
                  | (SInv) [potion of mutation]
  2769 | D:2      | Lost mutation: You have supernaturally acute eyesight.
                  | (SInv) [potion of mutation]
  2769 | D:2      | Lost mutation: You have sharp toenails. [potion of
                  | mutation]
  2769 | D:2      | Lost mutation: You are frail. (-10% HP) [potion of
                  | mutation]
  2769 | D:2      | Gained mutation: You can translocate small distances at
                  | will. [potion of mutation]
  2769 | D:2      | Gained mutation: Your muscles are strong. (Str +2) [potion
                  | of mutation]
  2769 | D:2      | Gained mutation: You are robust. (+10% HP) [potion of
                  | mutation]
  2769 | D:2      | Gained mutation: You evolve. [potion of mutation]
  2838 | D:2      | Found a glowing silver altar of Zin.
  2860 | D:2      | Found a sacrificial altar of Ru.
  2861 | D:2      | Found a stormy altar of Qazlal.
  2888 | D:2      | Became a worshipper of Qazlal Stormbringer
  2888 | D:2      | Reached * piety under Qazlal
  2888 | D:2      | Reached ** piety under Qazlal
  3256 | D:2      | Noticed Natasha
  3266 | D:2      | Killed Natasha
  3267 | D:2      | Reached XP level 5. HP: 39/45 MP: 7/7
  3968 | D:3      | Noticed Terence
  3991 | D:3      | Killed Terence
  4540 | D:4      | Gained mutation: You have a pair of small horns on your
                  | head. [demonic ancestry]
  4540 | D:4      | Reached XP level 6. HP: 49/51 MP: 8/8
  4575 | D:4      | Found an opulent altar of Gozag.
  4877 | D:4      | Noticed Robin
  4899 | D:4      | Reached *** piety under Qazlal
  4907 | D:4      | Killed Robin
  5087 | D:5      | Entered Level 5 of the Dungeon
  5129 | D:5      | Gained mutation: Armour fits poorly on your strangely
                  | shaped body. [evolution]
  5188 | D:5      | Noticed Grinder
  5195 | D:5      | Paralysed by Grinder for 6 turns
  5196 | D:5      | Killed Grinder
  5197 | D:5      | Reached skill level 4 in Axes
  5197 | D:5      | Reached XP level 7. HP: 27/58 MP: 8/10
  5563 | D:5      | Found an ornate altar of the Wu Jian Council.
  5923 | D:5      | Gained mutation: Your muscles are very strong. (Str +4)
                  | [evolution]
  6453 | D:6      | Reached XP level 8. HP: 66/66 MP: 11/11
  6996 | D:6      | Found a bloodstained altar of Trog.
  7253 | D:7      | Found a sparkling altar of Nemelex Xobeh.
  7279 | D:7      | Found a staircase to the Ecumenical Temple.
  7323 | D:7      | Reached skill level 5 in Axes
  7346 | D:7      | Found a runed translucent door.
  7347 | D:7      | Noticed Crazy Yiuf
  7526 | D:7      | Reached skill level 5 in Invocations
  7526 | D:7      | Reached skill level 5 in Evocations
  7833 | D:7      | Reached skill level 5 in Armour
  7978 | D:7      | Found a stormy altar of Qazlal.
  8013 | D:7      | Reached **** piety under Qazlal
  8233 | D:7      | Gained mutation: Scrolls take you a little longer to read.
                  | [evolution]
  8504 | D:7      | Killed Crazy Yiuf
  8596 | D:8      | Reached XP level 9. HP: 61/72 MP: 13/13
  8761 | D:8      | Reached skill level 6 in Axes
  8767 | D:8      | Found Daoqev's Magic Scroll Shop.
  8798 | D:8      | Found Osmekh's Magic Scroll Shoppe.
  8837 | D:8      | Reached skill level 5 in Fighting
  8925 | D:8      | Bought a scroll of enchant armour for 90 gold pieces
  8925 | D:8      | Bought 2 scrolls of identify for 48 gold pieces
  8937 | D:8      | Bought a scroll of magic mapping for 42 gold pieces
  8937 | D:8      | Bought a scroll of noise for 12 gold pieces
  8940 | D:8      | Found Ufulloh's General Store.
  9024 | D:8      | Found Ekeyqan's Gadget Shoppe.
  9081 | D:8      | Found Qoff's General Store.
  9091 | D:8      | Bought a scroll of summoning for 133 gold pieces
  9149 | D:8      | Found a burning altar of Makhleb.
  9828 | D:9      | Noticed a death yak
  9830 | D:9      | Found a staircase to the Lair.
  9830 | D:9      | Noticed an elephant
 10243 | D:9      | Reached skill level 7 in Axes
 10322 | D:9      | Killed an elephant
 10466 | D:9      | Gained mutation: When hurt, damage is shared between your
                  | health and your magic reserves. [demonic ancestry]
 10466 | D:9      | Reached XP level 10. HP: 56/83 MP: 15/15
 10474 | D:9      | Killed a death yak
 11263 | D:10     | Entered Level 10 of the Dungeon
 11263 | D:10     | Noticed Nergalle
 11276 | D:10     | Killed Nergalle
 11300 | D:10     | HP: 4/83 [wyvern (6)]
 11302 | D:10     | Reached skill level 8 in Axes
 11770 | D:10     | Found a runed translucent door.
 12035 | D:10     | Killed an unseen horror
 12233 | D:10     | Lost mutation: Scrolls take you a little longer to read.
                  | [evolution]
 12269 | D:10     | Noticed Josephine
 12286 | D:10     | Killed Josephine
 12287 | D:10     | Reached skill level 9 in Axes
 12287 | D:10     | Reached XP level 11. HP: 92/92 MP: 17/17
 12319 | D:10     | Noticed Grum
 12332 | D:10     | Killed Grum
 12636 | D:10     | Noticed a fire crab
 12748 | D:10     | Killed a fire crab
 12811 | D:10     | Noticed a fire crab
 12812 | D:10     | Noticed an entropy weaver
 13246 | D:11     | Noticed a two-headed ogre
 13259 | D:11     | Killed a two-headed ogre
 13822 | D:11     | Noticed an unseen horror
 13840 | D:11     | Killed an unseen horror
 14479 | D:10     | Killed a fire crab
 14823 | D:12     | Noticed Psyche
 14836 | D:12     | Killed Psyche
 14837 | D:12     | Reached skill level 10 in Axes
 15008 | D:12     | Noticed Urug
 15014 | D:12     | Noticed a two-headed ogre
 15025 | D:12     | Killed Urug
 15026 | D:12     | Reached skill level 10 in Invocations
 15035 | D:12     | Killed a two-headed ogre
 15071 | D:12     | Reached ***** piety under Qazlal
 15079 | D:12     | Gained mutation: You have a pair of horns on your head.
                  | [demonic ancestry]
 15079 | D:12     | Reached XP level 12. HP: 52/101 MP: 13/19
 15412 | D:12     | Noticed a two-headed ogre
 15418 | D:12     | Killed a two-headed ogre
 16142 | D:12     | Found a staircase to the Orcish Mines.
 16379 | Lair:1   | Entered Level 1 of the Lair of Beasts
 16424 | D:9      | HP: 4/102 [black mamba (3)]
 16940 | Lair:1   | You fall into a shaft and drop 1 floor!
 17773 | Lair:1   | Learned a level 2 spell: Swiftness
 17856 | D:9      | Killed an entropy weaver
 18001 | D:10     | Noticed an entropy weaver
 18207 | D:10     | Killed an entropy weaver
 18208 | D:10     | Reached skill level 11 in Axes
 18443 | D:10     | Noticed an entropy weaver
 18488 | D:10     | Killed an entropy weaver
 18870 | D:10     | Noticed a ghost crab
 19063 | D:10     | Killed a ghost crab
 19308 | D:10     | Noticed a ghost crab
 19318 | D:10     | Killed a ghost crab
 19376 | D:10     | Noticed a ghost crab
 19377 | D:10     | Noticed an entropy weaver
 19409 | D:10     | Killed an entropy weaver
 19414 | D:10     | Killed a ghost crab
 19980 | Lair:2   | Noticed a boulder beetle
 19988 | Lair:2   | Noticed a six-headed hydra
 19994 | Lair:2   | Killed a boulder beetle
 20280 | Lair:1   | Killed a one-headed hydra
 20537 | Lair:2   | Found a staircase to the Swamp.
 20789 | Lair:3   | Noticed an eight-headed hydra
 20795 | Lair:3   | Gained mutation: You have a pair of large horns on your
                  | head. [demonic ancestry]
 20795 | Lair:3   | Reached XP level 13. HP: 86/111 MP: 15/21
 21359 | Lair:3   | Reached skill level 10 in Evocations
 21609 | Lair:3   | Found a staircase to the Snake Pit.
 22760 | Lair:4   | Gained mutation: You are surrounded by a mild repulsion
                  | field. (EV +2) [evolution]
 22831 | Lair:4   | Reached skill level 10 in Armour
 23680 | Lair:5   | Reached skill level 12 in Axes
 23902 | Lair:5   | Found a gate leading to a gauntlet.
 23911 | Gauntlet | Entered a Gauntlet
 23911 | Gauntlet | Found a transporter.
 23911 | Gauntlet | Found a transporter.
 24009 | Gauntlet | Found a transporter.
 24009 | Gauntlet | Found a transporter.
 24018 | Gauntlet | Found a transporter.
 24023 | Gauntlet | Noticed a green death
 24037 | Gauntlet | Found a transporter.
 24047 | Gauntlet | Found a transporter.
 24047 | Gauntlet | Found a transporter.
 24053 | Gauntlet | Found a transporter.
 24082 | Gauntlet | Found a transporter.
 24089 | Gauntlet | Found a transporter.
 24107 | Gauntlet | Found a transporter.
 24152 | Gauntlet | Found a transporter.
 24170 | Gauntlet | Found a transporter.
 24270 | Gauntlet | Found a transporter.
 24284 | Gauntlet | Found a transporter.
 24527 | Gauntlet | Got a clouded tin amulet
 24533 | Gauntlet | Identified the amulet "Dolyixzu" {Reflect rC++ MP+9 SH+5}
                  | (You found it in a Gauntlet)
 24633 | Gauntlet | Got a sparkling bronze ring
 24640 | Gauntlet | Identified the ring "Kickopn" {Ice *Slow Dex+3} (You found
                  | it in a Gauntlet)
 24702 | Gauntlet | Lost mutation: Armour fits poorly on your strangely shaped
                  | body. [potion of mutation]
 24702 | Gauntlet | Lost mutation: You occasionally shout uncontrollably at
                  | your foes. [potion of mutation]
 24702 | Gauntlet | Lost mutation: You can translocate small distances at will.
                  | [potion of mutation]
 24702 | Gauntlet | Gained mutation: You rapidly evolve. [potion of mutation]
 24702 | Gauntlet | Lost mutation: You are robust. (+10% HP) [potion of
                  | mutation]
 24702 | Gauntlet | Gained mutation: Your spells are a little harder to cast,
                  | but a little more powerful. [potion of mutation]
 24761 | Gauntlet | Noticed a minotaur
 24776 | Gauntlet | Killed a minotaur
 25705 | Lair:6   | Entered Level 6 of the Lair of Beasts
 26232 | Lair:6   | Reached skill level 10 in Fighting
 26232 | Lair:6   | Gained mutation: A demonic guardian rushes to your aid.
                  | [demonic ancestry]
 26232 | Lair:6   | Reached XP level 14. HP: 81/110 MP: 17/23
 27549 | Lair:6   | Found a viscous altar of Jiyva.
 27570 | Lair:6   | Found a staircase to the Slime Pits.
 27861 | Lair:6   | Found a large runed translucent door.
 27861 | Lair:6   | Found a large runed translucent door.
 28328 | Lair:6   | Reached skill level 13 in Axes
 28603 | D:10     | Found the amulet of the Air {Inacc +Fly rElec EV+5 RMsl}
 29096 | Orc:1    | Entered Level 1 of the Orcish Mines
 29303 | Orc:1    | Found a roughly hewn altar of Beogh.
 29548 | Orc:2    | Entered Level 2 of the Orcish Mines
 29548 | Orc:2    | Found a staircase to the Elven Halls.
 30044 | Orc:2    | Found a roughly hewn altar of Beogh.
 30085 | Orc:2    | Found a roughly hewn altar of Beogh.
 30155 | Orc:2    | Found a roughly hewn altar of Beogh.
 30203 | Orc:2    | Found a roughly hewn altar of Beogh.
 30237 | Orc:2    | Found a roughly hewn altar of Beogh.
 30274 | Orc:2    | Found Zunil's General Store.
 30439 | Orc:2    | Found a roughly hewn altar of Beogh.
 30440 | Orc:2    | Found Buvuwaogg's Magic Scroll Shop.
 30591 | Orc:2    | Found a roughly hewn altar of Beogh.
 30656 | Orc:2    | Noticed Saint Roka
 31011 | Orc:1    | Gained mutation: Your flesh is cold resistant. (rC+)
                  | [evolution]
 31011 | Orc:1    | Lost mutation: You rapidly evolve. [decline of evolution]
 31134 | Orc:2    | Killed Saint Roka
 31573 | Orc:2    | Found Laci's Antique Armour Shop.
 31574 | Orc:2    | Found a roughly hewn altar of Beogh.
 31579 | Orc:2    | Found Foninitsox's Antique Weapon Boutique.
 31584 | Orc:2    | Bought a bloodstained battleaxe for 287 gold pieces
 31584 | Orc:2    | Identified the +4 battleaxe "Fyosil" {vorpal, rN+} (You
                  | bought it in a shop on level 2 of the Orcish Mines)
 31894 | D:8      | Bought a scroll of acquirement for 624 gold pieces
 31894 | D:8      | Acquired a +5 executioner's axe of draining
 31996 | D:13     | Found a gate to the Vaults.
 31996 | D:13     | Noticed Nessos
 32068 | D:12     | Gained mutation: A powerful demonic guardian rushes to your
                  | aid. [demonic ancestry]
 32068 | D:12     | Reached XP level 15. HP: 59/117 MP: 20/25
 32415 | D:13     | Killed Nessos
 33130 | D:13     | Learned a level 2 spell: Blink
 33783 | D:15     | Entered Level 15 of the Dungeon
 33790 | D:15     | Reached ****** piety under Qazlal
 33791 | D:15     | Noticed Jorgrun
 33792 | D:15     | Noticed Agnes
 33797 | D:15     | Killed Agnes
 33798 | D:15     | Reached skill level 14 in Axes
 33799 | D:15     | Killed Jorgrun
 33992 | D:15     | Lost mutation: You evolve. [evolution]
 34532 | D:15     | Found a staircase to the Depths.
 35045 | Swamp:1  | Entered Level 1 of the Swamp
 35778 | Swamp:1  | Noticed a daeva
 35823 | Swamp:1  | Noticed Nikola
 35837 | Swamp:1  | Killed Nikola
 35838 | Swamp:1  | Mutation became permanent: You are surrounded by a mild
                  | repulsion field. (EV +2) [demonic ancestry]
 35838 | Swamp:1  | Gained mutation: You are surrounded by a mild repulsion
                  | field. (EV +2) [demonic ancestry]
 35838 | Swamp:1  | Reached XP level 16. HP: 64/127 MP: 12/26
 36079 | Swamp:1  | Found a transporter.
 36081 | Swamp:1  | Noticed drevil's ghost (journeyman MiBe)
 36123 | Swamp:1  | Found a transporter.
 36130 | Swamp:1  | Found a one-way gate to the infinite horrors of the Abyss.
 36173 | Swamp:1  | Identified the cursed +3 trident "Wiply" {distort, *Corrode
                  | rElec MP+9 Int+4}
 37081 | Swamp:2  | Identified the Tome of Contamination
 38919 | Swamp:3  | Noticed a thorn hunter
 38931 | Swamp:3  | Killed a thorn hunter
 38959 | Swamp:3  | Reached skill level 15 in Axes
 38980 | Swamp:3  | Reached skill level 15 in Invocations
 39428 | Swamp:3  | Found the ring of the Hare {EV+8}
 39705 | Swamp:4  | Entered Level 4 of the Swamp
 40405 | Swamp:4  | Noticed the 27-headed Lernaean hydra
 40425 | Swamp:4  | Killed the 23-headed Lernaean hydra
 40641 | Swamp:4  | Got a decaying rune of Zot
 41267 | Swamp:4  | Got a heavily runed ring mail
 41337 | Swamp:1  | Identified the +5 ring mail of Discretion {rCorr Dex+4}
                  | (You found it on level 4 of the Swamp)
 41397 | Snake:1  | Entered Level 1 of the Snake Pit
 41775 | Snake:1  | Gained mutation: You are surrounded by a moderate repulsion
                  | field. (EV +3) [demonic ancestry]
 41775 | Snake:1  | Reached XP level 17. HP: 117/135 MP: 28/28
 42801 | Snake:1  | Found Kacurph's Antique Weapon Shop.
 42806 | Snake:1  | Found Qytzuc's Distillery.
 42813 | Snake:1  | Bought a potion of mutation for 104 gold pieces
 42813 | Snake:1  | Bought a potion of heal wounds for 65 gold pieces
 43374 | Snake:1  | Lost mutation: Your flesh is cold resistant. (rC+) [potion
                  | of mutation]
 43374 | Snake:1  | Lost mutation: Your muscles are very strong. (Str +4)
                  | [potion of mutation]
 43374 | Snake:1  | Lost mutation: Your spells are a little harder to cast, but
                  | a little more powerful. [potion of mutation]
 43374 | Snake:1  | Gained mutation: Your mind is acute. (Int +2) [potion of
                  | mutation]
 43374 | Snake:1  | Lost mutation: Your muscles are strong. (Str +2) [potion of
                  | mutation]
 43374 | Snake:1  | Gained mutation: Your spells are a little harder to cast,
                  | but a little more powerful. [potion of mutation]
 43374 | Snake:1  | Gained mutation: You have very sharp teeth. [potion of
                  | mutation]
 43447 | Snake:2  | Reached skill level 16 in Axes
 43960 | Snake:2  | Got an ichor-stained leather armour
 43961 | Snake:2  | Identified the +2 leather armour of Fuuluula {-Cast Will++
                  | MP+9} (You found it on level 2 of the Snake Pit)
 45454 | Snake:2  | Found the +6 shillelagh "Devastator" {shatter}
 46157 | Snake:3  | Found Keich's Antique Weapon Shop.
 46166 | Snake:3  | Found Sattoc's Gadget Boutique.
 46281 | Snake:3  | Noticed Vashnia
 46289 | Snake:3  | Noticed Azrael
 46303 | Snake:3  | Killed Vashnia
 46304 | Snake:3  | Reached XP level 18. HP: 76/144 MP: 20/30
 46580 | Snake:3  | Killed Azrael
 47043 | Snake:3  | Noticed Aizul
 47057 | Snake:3  | Killed Aizul
 47060 | Snake:3  | Reached skill level 17 in Axes
 47587 | Snake:3  | Noticed Kirke
 47596 | Snake:3  | Killed Kirke
 48043 | Snake:4  | Entered Level 4 of the Snake Pit
 49941 | Snake:4  | Got a serpentine rune of Zot
 50694 | Swamp:1  | Gained mutation: You resist negative energy. (rN+) [demonic
                  | ancestry]
 50694 | Swamp:1  | Reached XP level 19. HP: 116/153 MP: 31/31
 51479 | Swamp:1  | Gained mutation: You are occasionally teleported next to
                  | monsters. [a cacodemon]
 51482 | Swamp:1  | Killed drevil's ghost
 52022 | Vaults:1 | Entered Level 1 of the Vaults
 52031 | Vaults:1 | Reached skill level 18 in Axes
 52124 | Vaults:1 | Found Ywou's Jewellery Shoppe.
 52139 | Vaults:1 | Bought a +4 ring of slaying for 1092 gold pieces
 52161 | Vaults:1 | Found a transporter.
 52196 | Vaults:1 | Found a transporter.
 52448 | Vaults:1 | Paralysed by a hornet for 3 turns
 54596 | Vaults:1 | Acquired 595 gold pieces
 54630 | Vaults:1 | Lost mutation: Your mind is acute. (Int +2) [potion of
                  | mutation]
 54630 | Vaults:1 | Lost mutation: You are occasionally teleported next to
                  | monsters. [potion of mutation]
 54630 | Vaults:1 | Lost mutation: Your spells are a little harder to cast, but
                  | a little more powerful. [potion of mutation]
 54630 | Vaults:1 | Lost mutation: You have very sharp teeth. [potion of
                  | mutation]
 54630 | Vaults:1 | Gained mutation: Potions are less effective at restoring
                  | your health. [potion of mutation]
 54630 | Vaults:1 | Gained mutation: Your magical capacity is low. (-10% MP)
                  | [potion of mutation]
 54630 | Vaults:1 | Gained mutation: Scrolls take you a little longer to read.
                  | [potion of mutation]
 54630 | Vaults:1 | Gained mutation: Your flesh is heat resistant. (rF+)
                  | [potion of mutation]
 55087 | Vaults:1 | Got a flickering golden ring
 55095 | Vaults:1 | Got a faintly glowing ivory ring
 55156 | Vaults:1 | Identified the ring "Huvuid" {*Drain rElec rC+ Int+5} (You
                  | found it on level 1 of the Vaults)
 55158 | Vaults:1 | Identified the ring "Kiuqanox" {*Tele +Inv rElec rF- Dex+2}
                  | (You found it on level 1 of the Vaults)
 55162 | Vaults:1 | Reached skill level 15 in Evocations
 55162 | Vaults:1 | Gained mutation: You are somewhat able to resist unholy
                  | torments (1 in 2 success). [demonic ancestry]
 55162 | Vaults:1 | Reached XP level 20. HP: 161/161 MP: 28/28
 55583 | Vaults:2 | Reached skill level 15 in Armour
 55610 | Vaults:2 | Reached skill level 15 in Fighting
 56563 | Vaults:2 | Acquired a +0 cloak of preservation
 56879 | Vaults:3 | Found Gagagh's Weapon Shoppe.
 57096 | Vaults:3 | Reached skill level 19 in Axes
 57318 | Vaults:3 | Got a brightly glowing scale mail
 57338 | Vaults:3 | Reached XP level 21. HP: 150/168 MP: 29/29
 57377 | Vaults:3 | Identified the +5 scale mail of Yfom {+Inv Str+6} (You
                  | found it on level 3 of the Vaults)
 57998 | Vaults:3 | Noticed Donald
 58010 | Vaults:3 | Killed Donald
 58721 | Vaults:3 | Found a staircase to the Crypt.
 59713 | Vaults:4 | Found Jink's Jewellery Shoppe.
 60368 | Vaults:5 | Entered Level 5 of the Vaults
 60888 | Crypt:1  | Entered Level 1 of the Crypt
 60995 | Depths:1 | Entered Level 1 of the Depths
 61020 | Depths:1 | Reached skill level 20 in Axes
 61083 | Depths:1 | Found Ditoj's Book Emporium.
 61163 | Depths:1 | Noticed a golden dragon
 61426 | Depths:1 | Reached XP level 22. HP: 123/178 MP: 30/30
 61698 | Depths:1 | Found a runed translucent door.
 62133 | Depths:1 | Found a gateway to Hell.
 62359 | Depths:1 | Cast into level 3 of the Abyss (a deep elf sorcerer)
 62483 | Abyss:3  | Found a corrupted altar of Lugonu.
 62673 | Depths:1 | Escaped the Abyss
 62681 | Depths:1 | Killed a golden dragon
 65188 | Depths:3 | Gained mutation: Your melee attacks may debilitate your
                  | foes. [demonic ancestry]
 65188 | Depths:3 | Reached XP level 23. HP: 149/186 MP: 31/32
 65471 | Depths:3 | Reached skill level 21 in Axes
 66984 | Depths:3 | Identified the +7 chain mail "Wofiopn" {rElec MP+9 Slay-2
                  | Stlth+}
 67186 | Depths:3 | Found a one-way gate leading to the halls of Pandemonium.
 68036 | Depths:4 | Identified the ring "Hiyts" {rF+ Str+6 Dex+4}
 68383 | Depths:4 | Identified the ring "Vuofati" {*Corrode rElec EV+4 Str+7}
 68387 | Depths:4 | Noticed an ancient lich
 68840 | Depths:3 | Killed an ancient lich
 69123 | Depths:4 | Cast into level 4 of the Abyss (a lich)
 69180 | Abyss:4  | Paralysed by accursed screaming for 1 turns
 69182 | Abyss:4  | Paralysed by accursed screaming for 2 turns
 69183 | Abyss:4  | Killed from afar by a lich

Illustrated notes

Levels and vault maps discovered:
D:1:      dpeg_arrival_simpleton_a, layout_loops_ring, minmay_pentomino_x4
D:2:      layout_basic, grunt_temple_overflow_open, palyth_stone_intersect,
          minmay_cut_off, uniq_natasha
D:3:      layout_loops_ring, uniq_terence
D:4:      layout_gridville, grunt_gozag_breadcrumbs, minivault_19, uniq_robin
D:5:      layout_gridville, nicolae_overflow_crystal_walls, uniq_grinder
D:6:      layout_loops_ring, lightli_temple_of_fire, grunt_ministairs_8
D:7:      layout_cave_pods, nemelex_xobeh_ov_fountains_minmay,
          minmay_temple_entry_statues_pillars, basic_altar, nrook_campfire,
          uniq_crazy_yiuf_cottage
D:8:      layout_rooms, old_standard_altar, serial_shops, shop_statue,
          nicolae_shop_temple_entry_statues_fountains, shop, shop,
          shop_fountains
D:9:      layout_roguey, david_lair_generic, hangedman_decor_push
D:10:     gammafunk_mikee_crab_dinner, layout_basic, uniq_nergalle,
          uniq_josephine, uniq_grum
D:11:     layout_long_grid
D:12:     layout_irregular_city, orc_0_dummy, uniq_urug, uniq_psyche
D:13:     layout_loops_cross, david_vaults_3
D:14:     layout_irregular_city, blue_anna_alchemist [blue_anna_fruit_fields,
          blue_anna_fruit_fields]
D:15:     hangedman_depths_entry_civil_slaughter, layout_cave_pods,
          corexii_leaking_fountain, uniq_jorgrun, uniq_agnes
Lair:1:   layout_regular_city, grunt_megastairs_3
Lair:2:   layout_big_grid, minmay_swamp_entry_worms
Lair:3:   layout_misc_corridors, minmay_snake_entry_guardpost_small,
          gammafunk_lair_bear_cave
Lair:4:   layout_loops_ring, serial_bayou_crossing, serial_bayou_shore_a
Lair:5:   layout_hall_layers, gauntlet_entry_generic
Lair:6:   cheibrodos_lair_end_hotspot, layout_cellular_growth,
          dpeg_slime_entry_enclosed_altar, chequers_serial_rivers_room_a
Swamp:1:  layout_basic_swamp, gammafunk_ghost_abyssal_escape,
          evilmike_swamp_ruin_house_2, uniq_nikola
Swamp:2:  layout_basic_swamp, evilmike_swamp_ruin_house_4
Swamp:3:  layout_falls_marsh, nicolae_swamp_feature_on_the_river_bank
Swamp:4:  grunt_swamp_rune_castle, layout_basic_swamp
Snake:1:  layout_chambers, evilmike_ambush [evilmike_ambush_outer_basic,
          evilmike_ambush_inner_basic], minmay_shop_star, grunt_megastairs_4
Snake:2:  kennysheep_snake, layout_onion, uniq_saint_roka
Snake:3:  layout_misc_corridors, grunt_megastairs_1, minmay_shoptagon,
          lemuel_fruit_tree, uniq_azrael, uniq_aizul, uniq_kirke, uniq_vashnia
Snake:4:  johnstein_snake_rune_scales, layout_cave_town
Orc:1:    layout_diamond_mine, basic_altar, mines1_david
Orc:2:    grunt_orc_community_town_hall, layout_caves,
          grunt_orc_community_big_house_2, grunt_orc_community_big_house_1,
          grunt_orc_community_house_2, grunt_orc_community_house_3,
          grunt_orc_community_house_3, grunt_orc_community_house_1,
          grunt_orc_community_house_1, special_room
Vaults:1: nicolae_vaults_back_hallway, v_alt_pattern_1, v_alt_pattern_5,
          gammafunk_its_a_trap, vaults_room_corners, ontoclasm_vaults_gateway,
          ontoclasm_vaults_spin, vaults_dpeg_cross, vaults_dpeg_ring,
          nicolae_vaults_mini_display_case, nicolae_vaults_what_the_h,
          vaults_room_stairs_pillars, layout_vaults_chaotic_city, serial_shops,
          shop
Vaults:2: vaults_dpeg_doors, v_misc_28, nicolae_vaults_little_squares_4,
          v_misc_3, dpeg_vaults_monster_box, layout_vaults_omnigrid
Vaults:3: nicolae_vaults_disjoint_gnomons, st_octagons_1,
          vaults_room_large_hall, minmay_crypt_entry_vampire_xt, v_pattern_4,
          vaults_standard_mumra_enter_the_diamond, nicolae_vaults_asterisk,
          v_misc_31, vaults_mumra_lcd, v_misc_14, hangedman_vaults_pinch,
          nicolae_vaults_little_squares_5, layout_vaults_maze_snakey,
          serial_shops, shop_statue, uniq_donald
Vaults:4: nicolae_vaults_angled_halls, nicolae_vaults_circle_grid_b, v_misc_5,
          grunt_vaults_swirl, nicolae_vaults_alarming, hangedman_vaults_nails,
          nicolae_vaults_statue_guard, nicolae_vaults_asterisk,
          vaults_room_semicircle, dpeg_vaults_monster_row,
          hangedman_vaults_corner_blocks, vaults_room_hallway,
          layout_vaults_omnicross, serial_shops, nicolae_shop_crystal
Vaults:5
Crypt:1:  layout_gridlike, ebering_ghost_gozag, roderic_lattice_octagonal_star,
          uniq_xtahua
Depths:1: layout_basic, nrook_mini_backslash, hellmouth_1, serial_shops, shop,
          st_stairs_3, minmay_misc_feat_hallway, minmay_misc_feat_square,
          minmay_st_funbox, kennysheep_generic_room_4
Depths:2: hangedman_cross_stitches, layout_twisted_cross,
          grunt_hell_entry_dis_grunt, kennysheep_decorative_pillar,
          kennysheep_generic_room_15, infiniplex_staircase_spiral_double
Depths:3: ragdoll_tomb_raider, layout_small_grid, serial_bayou_pond_b,
          hellmouth_3, pan_entry
Depths:4: grunt_arcs, layout_cave_pools, hell_entry, minmay_room_of_horrors,
          chequers_serial_rivers_micro_d, hangedman_decor_growths,
          minmay_variable_closet
Abyss:4:  base: D:6, due_evilmike_abyss_rune_seething_liches

Skill      XL: |  1  2  3  4  5  6  7  8  9 10 11 12 13 14 15 16 17 18 19 20 21 22 23 |
---------------+----------------------------------------------------------------------+-----
Invocations    | 1 2 3 4 5 7 8 10 11 12 13 14 15 16 17 18 | 18.6
Evocations     | 1 2 4 5 6 7 8 9 10 11 12 13 14 15 16 17 | 17.6
Armour         | 1 2 3 4 5 6 7 8 9 10 11 12 13 14 15 16 17 | 17.3
Axes           | 3 4 5 7 9 10 11 12 13 14 15 16 17 18 19 20 21 | 21.4
Fighting       | 4 5 7 8 9 10 11 12 13 14 15 16 17 | 17.4
Dodging        | |  2.6
Stealth        | |  1.7

Action                   |  1- 3 |  4- 6 |  7- 9 | 10-12 | 13-15 | 16-18 | 19-21 | 22-24 || total
-------------------------+-------+-------+-------+-------+-------+-------+-------+-------++-------
Melee: Hand axe          |   127 |    72 |     3 |   190 |    77 |    71 |       |       ||   540
       Dagger            |       |   173 |   322 |   183 |       |       |       |       ||   678
       Headbutt          |       |    17 |    67 |   150 |   244 |   248 |   242 |   213 ||  1181
       Broad axe         |       |       |       |   168 |   537 |       |       |       ||   705
       Battleaxe         |       |       |       |       |   228 |   261 |    52 |    48 ||   589
       Executioner's axe |       |       |       |       |   111 |   719 |   796 |   644 ||  2270
       Bite              |       |       |       |       |       |    91 |    24 |       ||   115
       Shillelagh        |       |       |       |       |       |     6 |       |       ||     6
Invok: Upheaval          |       |       |     2 |     9 |     4 |     2 |     4 |       ||    21
       Elemental Force   |       |       |       |       |       |       |     1 |       ||     1
 Abil: Blink             |       |    10 |       |     4 |       |       |       |       ||    14
       Evoke Flight      |       |       |       |       |     1 |       |       |       ||     1
Evoke: Wand              |       |       |       |    14 |     8 |    11 |     6 |    13 ||    52
       Lightning rod     |       |       |       |       |     1 |       |       |       ||     1
       Tin of tremorston |       |       |       |       |       |     1 |       |       ||     1
       Condenser vane    |       |       |       |       |       |     1 |       |       ||     1
  Use: Scroll            |     3 |     8 |     7 |     7 |     8 |     9 |    11 |     2 ||    55
       Potion            |     1 |     4 |     2 |     3 |     1 |     3 |     2 |     1 ||    17
 Stab: Sleeping          |     2 |       |       |       |       |       |       |       ||     2
       Distracted        |       |     2 |     2 |     9 |     6 |     3 |     2 |     3 ||    27
       Paralysed         |       |       |       |    10 |       |     1 |       |       ||    11
       Confused          |       |       |       |       |       |     1 |       |       ||     1
Armor: Ring mail         |    40 |    12 |       |       |       |       |       |       ||    52
       Robe              |     1 |       |       |       |       |       |       |       ||     1
       Chain mail        |       |    78 |    10 |       |       |       |       |       ||    88
       Plate armour      |       |       |   146 |   261 |   431 |   483 |   271 |   250 ||  1842
       Gold dragon scale |       |       |       |       |       |       |       |   174 ||   174
Dodge: Dodged            |    76 |    74 |    87 |   181 |   666 |   982 |   490 |   463 ||  3019
       Repelled          |       |       |     1 |       |    18 |    67 |     5 |    12 ||   103
Block: Other             |       |    75 |   157 |   313 |   462 |   786 |   473 |   454 ||  2720
       Reflection        |       |       |     3 |    15 |    28 |    95 |    44 |    24 ||   209
